 Dungeon Crawl Stone Soup version 0.22.0-75-g3901e7991e (webtiles) character file.

1604 IceCat the Twirler (level 8, -6/67 HPs)
             Began as a Gnoll Wanderer on Sept 12, 2018.
             Was a Follower of Cheibriados.
             Killed by divine providence
             ... invoked by an orc priest
              (13 damage)
             ... on level 7 of the Dungeon.
             The game lasted 00:16:04 (5102 turns).

IceCat the Twirler (Gnoll Wanderer)                 Turns: 5102, Time: 00:16:05

Health: -6/67      AC:  7    Str: 19    XL:     8   Next: 94%
Magic:  13/13      EV: 13    Int: 16    God:    Cheibriados [*.....]
Gold:   221        SH:  0    Dex: 20    Spells: 14/14 levels left

rFire    + . .     SeeInvis +   b - +0 quarterstaff
rCold    . . .     Gourm    .   (shield currently unavailable)
rNeg     . . .     Faith    .   v - +0 ring mail {rPois}
rPois    +         Spirit   .   y - +0 hat
rElec    .         Reflect  .   (no cloak)
rCorr    .         Harm     .   (no gloves)
MR       .....                  A - +0 pair of boots
Stlth    ++........             (no amulet)
HPRegen  0.21/turn              z - ring of see invisible
MPRegen  0.13/turn              k - ring of protection from fire

@: very slow
A: distributed training, fangs 1, strong nose
a: Bend Time, Renounce Religion


You were on level 7 of the Dungeon.
You worshipped Cheibriados.
Cheibriados was aware of your devotion.
You were not hungry.

You visited 2 branches of the dungeon, and saw 8 of its levels.

You collected 221 gold pieces.

Inventory:

Hand Weapons
 b - a +0 quarterstaff (weapon)
Missiles
 l - 2 javelins (quivered)
Armour
 v - a +0 ring mail of poison resistance (worn)
 y - a +0 hat (worn)
 A - a +0 pair of boots (worn)
 F - a +2 leather armour of fire resistance
Jewellery
 e - an uncursed ring of ice
 k - a ring of protection from fire (right hand)
 z - a ring of see invisible (left hand)
Wands
 a - a wand of paralysis (6)
 G - a wand of clouds (5)
Scrolls
 c - 3 scrolls of teleportation
 d - 3 scrolls of blinking {unknown}
 h - 3 scrolls of identify
 m - 3 scrolls of random uselessness {unknown}
 n - a scroll of immolation {unknown}
 q - 2 scrolls of fear {unknown}
 r - 2 scrolls of remove curse {unknown}
 s - a scroll of amnesia {unknown}
 w - a scroll of enchant weapon {unknown}
 x - a scroll of magic mapping {unknown}
 C - a scroll of enchant armour {unknown}
 D - a scroll of holy word {unknown}
Potions
 i - a potion of mutation
 j - 3 potions of curing
 o - a potion of berserk rage
 p - a potion of degeneration {unknown}
 t - 2 potions of magic
 u - 2 potions of flight
 B - a potion of lignification {unknown}
 E - a potion of brilliance {unknown}
Comestibles
 f - 9 rations
 H - a chunk of flesh


   Skills:
 + Level 7.5 Fighting
 + Level 3.6 Short Blades
 + Level 3.6 Long Blades
 + Level 4.5 Axes
 + Level 3.6 Maces & Flails
 + Level 3.6 Polearms
 + Level 7.5 Staves
 + Level 3.6 Slings
 + Level 3.6 Bows
 + Level 3.6 Crossbows
 + Level 3.6 Throwing
 + Level 4.5 Armour
 + Level 3.6 Dodging
 + Level 4.4 Stealth
 + Level 3.6 Shields
 + Level 3.6 Unarmed Combat
 + Level 3.6 Spellcasting
 + Level 3.0 Conjurations
 + Level 3.0 Hexes
 + Level 3.0 Charms
 + Level 3.0 Summonings
 + Level 3.0 Necromancy
 + Level 3.0 Translocations
 + Level 3.0 Transmutations
 + Level 3.0 Fire Magic
 + Level 3.0 Ice Magic
 + Level 3.0 Air Magic
 + Level 3.0 Earth Magic
 + Level 3.0 Poison Magic
 + Level 4.0 Invocations
 + Level 4.5 Evocations


You had 14 spell levels left.
You didn't know any spells.
Your spell library contained the following spells:

 Spells                   Type           Power        Failure   Level  Hunger
 Summon Small Mammal      Summ           ##..         9%          1    None
 Call Imp                 Summ           ##......     13%         2    ##.....
 Call Canine Familiar     Summ           ##......     26%         3    ###....
 Ozocubu's Armour         Chrm/Ice       ##......     26%         3    ###....
 Spectral Weapon          Hex/Chrm       ##......     26%         3    ###....
 Summon Guardian Golem    Hex/Summ       ##......     26%         3    ###....
 Leda's Liquefaction      Hex/Erth       ##........   63%         4    ####...
 Summon Ice Beast         Ice/Summ       ##......     63%         4    ####...
 Summon Lightning Spire   Summ/Air       ##......     63%         4    ####...
 Discord                  Hex            ##........   100%        8    #######


Dungeon Overview and Level Annotations

Branches:
Dungeon (7/15)             Temple (1/1) D:4

Altars:
Cheibriados
Dithmenos
Elyvilon
Fedhas
Hepliaklqana
Kikubaaqudgha
Makhleb
Nemelex Xobeh
Qazlal
Ru
Sif Muna
Trog
Uskayaw
Vehumet
Wu Jian
Zin

Shops:
D:5 :   D:6 }

Annotations:
D:6 Prince Ribbit


Innate Abilities, Weirdness & Mutations

Your experience applies equally to all skills.
You have very sharp teeth.
Your uncanny sense of smell can sniff out nearby items.


Message History

You hit the orc priest.
The orc priest is moderately wounded.
The orc priest misses you.
You hit the orc priest.
The orc priest is heavily wounded.
The orc priest closely misses you.
You hit the orc priest but do no damage.
You bite the orc priest, but do no damage.
The orc priest is heavily wounded.
The orc priest closely misses you. x2
You closely miss the orc priest.
You bite the orc priest, but do no damage.
The orc priest is heavily wounded.
The orc priest misses you. The orc priest barely misses you.
You closely miss the orc priest.
You bite the orc priest, but do no damage.
The orc priest is heavily wounded.
The orc priest calls down the wrath of Beogh upon you.
Beogh smites you!
You die...

#..# ∆ #..#
#.(# #.(#
#..##### #
#.(#... ...
##..#.#.$..g
+.o)o......#
##.@#.#.##.#
#..#.#
##..#.#
#...#.#
#.#........
..........##
###........#
∆∆
#####++#.# ∆
..


You could see 2 orc priests.

Vanquished Creatures
  Menkaure (D:6)
  Duvessa (D:6)
  An orc warrior (D:7)
  3 ice beasts
  An ogre (D:4)
  A centaur (D:6)
  Dowan (D:6)
  A scorpion (D:7)
  4 wights (D:6)
  2 crimson imps (D:6)
  2 hounds
  A jelly (D:7)
  A bullfrog skeleton (D:7)
  3 orc priests
  2 orc wizards
  5 worker ants
  A gnoll (D:7)
  3 adders
  An ooze (D:2)
  A worm (D:2)
  A dart slug (D:3)
  3 leopard geckos
  19 orcs
  6 giant cockroaches
  8 goblins
  11 hobgoblins
  11 jackals
  5 kobolds
  A quokka (D:3)
  2 ball pythons
  6 bats
  3 frilled lizards
  A jackal skeleton (D:6)
  4 rats
117 creatures vanquished.

Notes
Turn   | Place    | Note
-------+----------+-------------------------------------------
     0 | D:1      | IceCat the Gnoll Wanderer began the quest for the Orb.
     0 | D:1      | IceCat set off with: a wand of paralysis (15), a +0
                  | quarterstaff, a scroll of teleportation, a +0 robe, a
                  | ration
     0 | D:1      | Reached XP level 1. HP: 23/23 MP: 2/2
   205 | D:1      | Reached XP level 2. HP: 29/29 MP: 3/3
   797 | D:1      | Reached XP level 3. HP: 35/35 MP: 4/4
  1278 | D:2      | Reached skill level 1 in Invocations
  1328 | D:2      | Reached skill level 1 in Short Blades
  1328 | D:2      | Reached skill level 1 in Long Blades
  1328 | D:2      | Reached skill level 1 in Maces & Flails
  1328 | D:2      | Reached skill level 1 in Polearms
  1328 | D:2      | Reached skill level 1 in Slings
  1328 | D:2      | Reached skill level 1 in Bows
  1328 | D:2      | Reached skill level 1 in Crossbows
  1328 | D:2      | Reached skill level 1 in Throwing
  1328 | D:2      | Reached skill level 1 in Dodging
  1328 | D:2      | Reached skill level 1 in Shields
  1328 | D:2      | Reached skill level 1 in Unarmed Combat
  1328 | D:2      | Reached skill level 1 in Spellcasting
  1472 | D:3      | Found a deep blue altar of Sif Muna.
  1490 | D:3      | Reached XP level 4. HP: 41/41 MP: 6/6
  1738 | D:3      | Reached skill level 1 in Conjurations
  1738 | D:3      | Reached skill level 1 in Hexes
  1738 | D:3      | Reached skill level 1 in Charms
  1738 | D:3      | Reached skill level 1 in Summonings
  1738 | D:3      | Reached skill level 1 in Necromancy
  1738 | D:3      | Reached skill level 1 in Translocations
  1738 | D:3      | Reached skill level 1 in Transmutations
  1738 | D:3      | Reached skill level 1 in Fire Magic
  1738 | D:3      | Reached skill level 1 in Ice Magic
  1738 | D:3      | Reached skill level 1 in Air Magic
  1738 | D:3      | Reached skill level 1 in Earth Magic
  1738 | D:3      | Reached skill level 1 in Poison Magic
  2139 | D:4      | Reached XP level 5. HP: 26/47 MP: 7/7
  2562 | D:4      | Found a staircase to the Ecumenical Temple.
  2659 | Temple   | Entered the Ecumenical Temple
  2739 | Temple   | Became a worshipper of Cheibriados the Contemplative
  2803 | D:4      | Reached XP level 6. HP: 35/53 MP: 8/8
  3215 | D:5      | Entered Level 5 of the Dungeon
  3229 | D:5      | Noticed an ice beast
  3430 | D:5      | Found Huudghogo's Book Emporium.
  3485 | D:5      | Noticed an ice beast
  3500 | D:5      | Killed an ice beast
  3500 | D:5      | Reached XP level 7. HP: 59/59 MP: 10/10
  3509 | D:5      | Identified Viewoyba's Volume of the Oath and Aid
  3690 | D:6      | Reached * piety under Cheibriados
  4012 | D:6      | Reached XP level 8. HP: 67/67 MP: 12/12
  4025 | D:6      | Noticed Prince Ribbit
  4062 | D:6      | Found a hazy altar of Hepliaklqana.
  4062 | D:6      | Found a stormy altar of Qazlal.
  4067 | D:6      | Found a bloodstained altar of Trog.
  4069 | D:6      | Found a white marble altar of Elyvilon.
  4071 | D:6      | Found an ornate altar of the Wu Jian Council.
  4429 | D:6      | Noticed Dowan
  4431 | D:6      | Noticed Duvessa
  4451 | D:6      | Killed Dowan
  4479 | D:6      | Noticed Menkaure
  4487 | D:6      | Killed Duvessa
  4491 | D:6      | Killed Menkaure
  4666 | D:6      | Found Hetig's Gadget Boutique.
  4883 | D:7      | HP: 2/67 [orc warrior/trident (9)]
  5102 | D:7      | Killed from afar by an orc priest

Skill      XL: |  1  2  3  4  5  6  7  8 |
---------------+-------------------------+-----
Invocations    | 1 2 3 4 |  4.0
Short Blades   | 1 2 3 |  3.6
Long Blades    | 1 2 3 |  3.6
Maces & Flails | 1 2 3 |  3.6
Polearms       | 1 2 3 |  3.6
Slings         | 1 2 3 |  3.6
Bows           | 1 2 3 |  3.6
Crossbows      | 1 2 3 |  3.6
Throwing       | 1 2 3 |  3.6
Dodging        | 1 2 3 |  3.6
Shields        | 1 2 3 |  3.6
Unarmed Combat | 1 2 3 |  3.6
Spellcasting   | 1 2 3 |  3.6
Conjurations   | 1 2 3 |  3.0
Hexes          | 1 2 3 |  3.0
Charms         | 1 2 3 |  3.0
Summonings     | 1 2 3 |  3.0
Necromancy     | 1 2 3 |  3.0
Translocations | 1 2 3 |  3.0
Transmutations | 1 2 3 |  3.0
Fire Magic     | 1 2 3 |  3.0
Ice Magic      | 1 2 3 |  3.0
Air Magic      | 1 2 3 |  3.0
Earth Magic    | 1 2 3 |  3.0
Poison Magic   | 1 2 3 |  3.0
Axes           | 3 4 |  4.5
Armour         | 3 4 |  4.5
Evocations     | 3 4 |  4.5
Stealth        | 3 4 |  4.4
Fighting       | 7 |  7.5
Staves         | 7 |  7.5

Action                   |  1- 3 |  4- 6 |  7- 9 || total
-------------------------+-------+-------+-------++-------
Melee: Quarterstaff      |   109 |   144 |   167 ||   420
       Bite              |    10 |    19 |    31 ||    60
Throw: Javelin           |       |       |     4 ||     4
Invok: Bend Time         |       |       |     1 ||     1
Evoke: Wand              |       |     2 |     7 ||     9
  Use: Scroll            |       |     6 |     1 ||     7
       Potion            |       |       |     2 ||     2
 Stab: Sleeping          |     3 |     2 |       ||     5
       Paralysed         |       |     5 |    19 ||    24
  Eat: Chunk             |     1 |     8 |     3 ||    12
Armor: Robe              |    10 |       |       ||    10
       Ring mail         |    17 |    56 |    36 ||   109
Dodge: Dodged            |    61 |    96 |    91 ||   248
